 Dungeon Crawl Stone Soup version 0.16.0-17-g811c1d7 (webtiles) character file.

3613 Phasanity the Carver (level 9, 0/82 HPs)
             Began as a Minotaur Berserker on Mar 22, 2015.
             Was a High Priest of Trog.
             Killed from afar by Pr0man's ghost (9 damage)
             ... with a bolt of negative energy
             ... on level 8 of the Dungeon.
             The game lasted 01:10:05 (7252 turns).

Phasanity the Carver (Minotaur Berserker)           Turns: 7252, Time: 01:10:09

Health: 0/82       AC: 26    Str: 25      XL:     9   Next: 86%
Magic:  0/4        EV:  9    Int:  2 (4)  God:    Trog [*****.]
Gold:   482        SH:  0    Dex: 12      Spells: 0 memorised, 8 levels left

rFire  + . .     SeeInvis .     u - +3 falchion
rCold  . . .     Clarity  .     x - +3 plate armour
rNeg   . . .     SustAb   .     (no shield)
rPois  .         Gourm    .     j - +0 hat
rElec  .         Spirit   +     (no cloak)
rCorr  .         Warding  .     (no gloves)
rMut   .         Stasis   .     l - +0 pair of boots
MR     .....                    f - amulet of guardian spirit
Stlth  ..........               d - ring of protection from fire
                                v - ring of Robustness {AC+8}

@: lethally poisoned (0 -> -33), exhausted, heavily drained, not resistant to
hostile enchantments, extremely unstealthy
A: retaliatory headbutt, horns 2, agile 1, shaggy fur 1, wild magic 1
a: Burn Spellbooks, Berserk, Trog's Hand, Brothers in Arms, Renounce Religion


You were on level 8 of the Dungeon.
You worshipped Trog.
Trog was extremely pleased with you.
You were not hungry.

You visited 1 branch of the dungeon, and saw 8 of its levels.

You collected 482 gold pieces.

Inventory:

Hand weapons
 n - a +3 great sword
 u - a +3 falchion (weapon)
 w - a +2 falchion
Missiles
 e - 3 needles of slowing
Armour
 j - a +0 hat (worn)
 l - a +0 pair of boots (worn)
 x - a +3 plate armour (worn)
Jewellery
 d - a ring of protection from fire (right hand)
 f - an amulet of guardian spirit (around neck)
 o - an uncursed ring of sustain abilities
 t - an uncursed ring of invisibility
 v - the ring of Robustness (left hand) {AC+8}
   (You found it on level 4 of the Dungeon)

   [ring of protection]

   It affects your AC (+8).
Magical devices
 m - a wand of draining (2)
Scrolls
 h - a scroll of enchant armour
 q - 2 scrolls of teleportation
 r - a scroll of recharging
Potions
 i - a potion of lignification
 p - a potion of magic
 s - a potion of curing
Comestibles
 c - 4 bread rations
 g - 4 meat rations
 k - a royal jelly


   Skills:
 + Level 8.5(6.2) Fighting
 + Level 9.3(7.0) Long Blades
 + Level 9.0(6.7) Armour
 + Level 8.1(5.8) Dodging
 + Level 1.6(0.0) Stealth


You had 8 spell levels left.
You didn't know any spells.

Dungeon Overview and Level Annotations

Branches:
Dungeon (8/15)             Temple (0/1) D:7
   Lair: D:8-11

Altars:
Ashenzari
Elyvilon
Gozag
Ru
Trog
The Shining One

Shops:
D:4 !

Annotations:
D:8 Pr0man's ghost, experienced DrCj


Innate Abilities, Weirdness & Mutations

You reflexively headbutt those who attack you in melee.
You have a pair of horns on your head.
You are agile. (Dex +2)
You are covered in fur (AC +1).
Your spells are a little harder to cast, but a little more powerful.


Message History

You feel very sick.
Pr0man's ghost hits you but does no damage.
You are more poisoned.
Pr0man's ghost closely misses you.
You closely miss Pr0man's ghost.
Pr0man's ghost is almost destroyed.
* * * LOW HITPOINT WARNING * * *
You feel very sick. Pr0man's ghost hits you.
* * * LOW HITPOINT WARNING * * *
You are more poisoned.
Unknown command.
You closely miss Pr0man's ghost. Your headbutt misses Pr0man's ghost.
Pr0man's ghost is almost destroyed.
You feel yourself speed up.
* * * LOW HITPOINT WARNING * * *
You feel very sick.
Pr0man's ghost breathes negative energy at you.
The bolt of negative energy hits you!
You feel drained.
You die...

...........#
.......##.#
?...........
........# ..#
[.......# ###
.......h+
.........#####
####
#....<#....#
#@W...†.#
#.#........# #
#.##########.#
#.....)......#
##############


You could see a black bear and Pr0man's ghost.

Vanquished Creatures
  Erolcha (D:8)
  A deep elf mage (D:5)
  A hippogriff (D:8)
  Edmund (D:7)
  Menkaure (D:4)
  2 orc warriors (D:6)
  An ice beast (D:6)
  5 ogres
  A sky beast (D:7)
  A black bear (D:7)
  Sigmund (D:4)
  The ghost of ontamu the Conjurer, an average GrWz (D:5)
  A gnoll sergeant (D:6)
  4 giant frogs
  9 wights (D:7)
  A crimson imp (D:7)
  2 goliath beetles (D:6)
  3 hounds
  4 orc priests
  6 worker ants
  5 orc wizards
  2 hound skeletons
  Robin (D:2)
  8 gnolls
  9 adders
  A giant mite (D:4)
  2 worms (D:3)
  2 adder zombies
  3 giant geckos
  21 orcs
  3 giant cockroaches
  20 goblins
  11 hobgoblins
  14 jackals
  2 quokkas
  7 bats
  2 giant newts
  A jackal zombie (D:5)
  7 kobolds
  A quokka zombie (D:7)
  14 rats
  4 plants (D:1)
187 creatures vanquished.

Vanquished Creatures (others)
  A wizard (D:3)
1 creature vanquished.

Grand Total: 188 creatures vanquished

Notes
Turn   | Place    | Note
--------------------------------------------------------------
     0 | D:1      | Phasanity, the Minotaur Berserker, began the quest for the Orb.
     0 | D:1      | Reached XP level 1. HP: 19/19 MP: 1/1
   453 | D:1      | Reached skill level 4 in Long Blades
   546 | D:1      | Reached XP level 2. HP: 27/27 MP: 1/1
   817 | D:2      | Reached XP level 3. HP: 17/33 MP: 2/2
   974 | D:2      | Acquired Trog's second power
  1386 | D:2      | Noticed Robin
  1402 | D:2      | Reached XP level 4. HP: 30/41 MP: 2/2
  1409 | D:2      | Killed Robin
  1760 | D:2      | Found a white marble altar of Elyvilon.
  1760 | D:2      | Found an opulent altar of Gozag.
  1982 | D:3      | Noticed an ogre
  1987 | D:3      | Killed an ogre
  1987 | D:3      | Reached skill level 5 in Fighting
  1987 | D:3      | Reached skill level 5 in Long Blades
  1987 | D:3      | Reached XP level 5. HP: 32/48 MP: 2/2
  2325 | D:3      | Found a sacrificial altar of Ru.
  2325 | D:3      | Found a shattered altar of Ashenzari.
  2529 | D:3      | Reached XP level 6. HP: 36/56 MP: 3/3
  2595 | D:3      | Found a bloodstained altar of Trog.
  2609 | D:3      | Noticed a wizard
  2614 | D:3      | Killed a wizard
  3188 | D:4      | Reached skill level 5 in Dodging
  3250 | D:4      | Found Clyos' Distillery.
  3303 | D:4      | Reached XP level 7. HP: 57/61 MP: 3/3
  3342 | D:4      | Noticed Sigmund
  3379 | D:4      | Killed Sigmund
  3379 | D:4      | Reached skill level 5 in Armour
  3505 | D:4      | Noticed Menkaure
  3514 | D:4      | Killed Menkaure
  3514 | D:4      | Reached skill level 6 in Long Blades
  3669 | D:4      | Acquired Trog's third power
  4083 | D:5      | Entered Level 5 of the Dungeon
  4459 | D:5      | Gained mutation: You are covered in fur (AC +1). [potion of mutation]
  4459 | D:5      | Gained mutation: Your spells are a little harder to cast, but a little more powerful. [potion of mutation]
  4459 | D:5      | Gained mutation: You are agile. (Dex +2) [potion of mutation]
  4496 | D:5      | Noticed a deep elf mage
  4509 | D:5      | Killed a deep elf mage
  4509 | D:5      | Reached XP level 8. HP: 70/70 MP: 3/3
  4571 | D:5      | Reached skill level 1 in Stealth
  4860 | D:5      | Noticed ontamu's ghost (average GrWz)
  4875 | D:5      | Killed ontamu's ghost
  4951 | D:6      | Reached skill level 7 in Armour
  5957 | D:6      | Reached XP level 9. HP: 78/78 MP: 4/4
  6037 | D:7      | Found a shattered altar of Ashenzari.
  6086 | D:7      | Reached skill level 8 in Armour
  6142 | D:7      | Got a shimmering ring mail
  6143 | D:7      | Identified the +2 ring mail "Stanekhly" {Int+2} (You found it on level 7 of the Dungeon)
  6212 | D:7      | Found a staircase to the Ecumenical Temple.
  6331 | D:7      | Found a glowing golden altar of the Shining One.
  6437 | D:7      | Noticed Edmund
  6447 | D:7      | Killed Edmund
  7135 | D:8      | Noticed Erolcha
  7203 | D:8      | Noticed Pr0man's ghost (experienced DrCj)
  7223 | D:8      | Killed Erolcha
  7223 | D:8      | Reached skill level 9 in Long Blades
  7252 | D:8      | Killed from afar by Pr0man's ghost

Action                   |  1- 3 |  4- 6 |  7- 9 || total
-------------------------+-------+-------+-------++-------
Melee: Falchion          |   146 |   126 |   274 ||   546
Invok: Berserk           |       |       |     3 ||     3
       Burn Spellbooks   |       |       |     2 ||     2
  Use: Potion            |     4 |     2 |     5 ||    11
       Scroll            |     3 |     4 |     9 ||    16
  Eat: Bread ration      |     1 |       |       ||     1
       Meat ration       |       |     1 |     3 ||     4
